 Dungeon Crawl Stone Soup version 0.23.0 (webtiles) character file.

Game seed: 404810529225614933

1512 Mgcat the Gouger (level 8, -10/37 HPs)
             Began as a Felid Fighter on Feb 11, 2019.
             Was a Believer of Sif Muna.
             Killed from afar by a steam dragon (21 damage)
             ... with a ball of steam
             ... on level 8 of the Dungeon.
             The game lasted 00:17:41 (8354 turns).

Mgcat the Gouger (Felid Fighter)                    Turns: 8354, Time: 00:17:42

Health: -10/37     AC:  2    Str: 16    XL:     8   Next: 53%
Magic:  17/17      EV: 22    Int: 12    God:    Sif Muna [**....]
Gold:   241        SH:  4    Dex: 16    Spells: 12/18 levels left
                                        Lives:  0   Deaths: 2

rFire    . . .     SeeInvis +     - Unarmed
rCold    . . .     Gourm    .   (shield unavailable)
rNeg     . . .     Faith    .   (armour unavailable)
rPois    .         Spirit   .   (helmet unavailable)
rElec    .         Reflect  +   (cloak unavailable)
rCorr    .         Harm     .   (gloves unavailable)
MR       ++...                  (boots unavailable)
Stlth    ++........             c - +4 amulet of reflection
HPRegen  0.12/turn              j - ring of protection from magic {MR+, !d}
MPRegen  0.15/turn              r - +4 ring of strength

@: divine energy, quick
A: very small, no armour, no weapons or thrown items, stealth, claws 1, fangs 3,
see invisible, carnivore, speed 1, shaggy fur 2, slow metabolism 1, sharp paws
a: Stop Divine Energy, Renounce Religion


You were on level 8 of the Dungeon.
You worshipped Sif Muna.
Sif Muna was pleased with you.
You were not hungry.

You visited 2 branches of the dungeon, and saw 9 of its levels.

You collected 316 gold pieces.
You spent 75 gold pieces at shops.

Inventory:

Missiles
 h - 212 stones
Jewellery
 c - a +4 amulet of reflection (around neck)
   (You found it on level 1 of the Dungeon)
 j - a ring of protection from magic (left paw) {MR+, !d}
   (You found it on level 2 of the Dungeon)
 r - a +4 ring of strength (right paw)
   (You found it on level 5 of the Dungeon)
Wands
 m - a wand of polymorph (11)
   (You found it on level 3 of the Dungeon)
Scrolls
 k - a scroll of teleportation
 q - a scroll of blinking {!r}
 t - 2 scrolls of remove curse
Potions
 a - a potion of might
 d - a potion of degeneration {unknown}
 e - 2 potions of curing
 f - 2 potions of lignification {!q}
 g - 2 potions of heal wounds
 i - a potion of brilliance {unknown}
 l - a potion of resistance {unknown}
 n - a potion of ambrosia {unknown}
 o - a potion of agility
 p - a potion of magic {unknown}
Comestibles
 b - 21 rations


   Skills:
 - Level 5.0 Fighting
 - Level 6.7 Dodging
 + Level 8.5 Unarmed Combat
 + Level 5.6 Spellcasting
 + Level 4.1 Conjurations
 + Level 8.1 Hexes
 - Level 2.1 Earth Magic


You had 12 spell levels left.
You knew the following spells:

 Your Spells              Type           Power        Failure   Level  Hunger
a - Sandblast             Erth           #.....       8%          1    None
b - Ensorcelled Hibernat  Hex/Ice        ##....       5%          2    ##.....
c - Stone Arrow           Conj/Erth      ##....       16%         3    ###....

Your spell library contained the following spells:

 Spells                   Type           Power        Failure   Level  Hunger
 Corona                   Hex            ###....      1%          1    None
 Slow                     Hex            ###.....     1%          2    ##.....
 Confuse                  Hex            ###.....     1%          3    ###....
 Tukima's Dance           Hex            ###.....     1%          3    ###....
 Magic Dart               Conj           ##..         3%          1    None
 Dazzling Spray           Conj/Hex       ###...       4%          3    ###....
 Summon Guardian Golem    Hex/Summ       ##......     11%         3    ###....
 Summon Small Mammal      Summ           #...         19%         1    None
 Passwall                 Tmut/Erth      #.......     19%         2    ##.....
 Conjure Flame            Conj/Fire      #.......     24%         3    ###....
 Blink                    Tloc           N/A          28%         2    ##.....
 Call Imp                 Summ           #.......     28%         2    ##.....
 Poisonous Vapours        Pois/Air       #.....       28%         2    ##.....
 Mephitic Cloud           Conj/Pois/Air  #.......     32%         3    ###....
 Call Canine Familiar     Summ           #.......     50%         3    ###....
 Petrify                  Tmut/Erth      #.......     77%         4    ####...
 Summon Ice Beast         Ice/Summ       #.......     88%         4    ####...
 Summon Lightning Spire   Summ/Air       #.......     88%         4    ####...
 Lee's Rapid Deconstruct  Erth           #.........   91%         5    ######.
 Freezing Cloud           Conj/Ice/Air   #.........   100%        6    #######
 Ring of Flames           Chrm/Fire      #.........   100%        7    #######


Dungeon Overview and Level Annotations

Branches:
Dungeon (8/15)             Temple (1/1) D:5
   Lair: D:8-11

Altars:
Ashenzari
Cheibriados
Dithmenos
Elyvilon
Fedhas
Gozag
Hepliaklqana
Kikubaaqudgha
Makhleb
Nemelex Xobeh
Okawaru
Ru
Sif Muna
Trog
Uskayaw
Wu Jian
Xom
Yredelemnul
Zin
The Shining One

Shops:
D:4 ?

Annotations:
D:5 1 exclusion
D:6 exclusion: jelly
D:8 exclusion: killer bee


Innate Abilities, Weirdness & Mutations

You cannot wear armour.
You are incapable of wielding weapons or throwing items.
Your paws allow you to move quietly. (Stealth)
You have sharp claws.
You have razor-sharp teeth.
You have supernaturally acute eyesight. (SInv)
You are carnivorous and can eat meat at any time.
You cover ground quickly.
You are covered in thick fur. (AC +2)
You have a slow metabolism.
Your sharp claws are effective at attacking unaware monsters.


Message History

You take 8 damage, and have 10/40 hp.
Spoiler Alert: The orc warrior can hit for high damage!
You closely miss the orc warrior.
The orc warrior is heavily wounded.
The orc warrior completely misses you.
You closely miss the orc warrior.
You claw the orc warrior, but do no damage.
The orc warrior is heavily wounded.
Spoiler Alert: The orc warrior can hit for high damage!
You scratch the orc warrior.
The orc warrior is heavily wounded.
You block the orc warrior's attack.
You scratch the orc warrior.
The orc warrior is heavily wounded.
The orc warrior hits you with a +0 mace!
You die...
You are now level 8!
You rejoin the land of the living...
Health restored: 37; MP restored: 17 Unknown command.
Unknown command.
Unknown command.
Unknown command.
A centaur skeleton comes into view.
A centaur skeleton is nearby!
You block the centaur skeleton's attack.
You claw the centaur skeleton!
The centaur skeleton is moderately damaged.
You block the centaur skeleton's attack.
You claw the centaur skeleton! You bite the centaur skeleton.
The centaur skeleton is severely damaged.
The centaur skeleton completely misses you.
You scratch the centaur skeleton.
The centaur skeleton is almost destroyed.
The centaur skeleton hits you.
You take 3 damage, and have 34/37 hp.
You scratch the centaur skeleton.
The centaur skeleton is almost destroyed.
The centaur skeleton misses you.
You scratch the centaur skeleton.
You destroy the centaur skeleton!
Sif Muna accepts your kill.
No target in view!
No target in view!
An adder comes into view.
The adder hisses angrily.
The adder completely misses you.
You barely miss the adder. The adder closely misses you.
You barely miss the adder. You bite the adder, but do no damage.
The adder closely misses you.
You claw the adder!
You kill the adder!
Sif Muna accepts your kill.
No target in view!
No target in view!
You now have 241 gold pieces (gained 11).
An orc comes into view. It is wielding a +0 hand axe.
A steam dragon comes into view.
Spoiler Alert: The steam dragon (sleeping) breathes balls of steam!
The steam dragon hisses angrily.
Spoiler Alert: The steam dragon breathes balls of steam!
The steam dragon breathes steam at you. The ball of steam hits you!!
Ouch! That really hurt!
The orc shouts!
You take 22 damage, and have 14/37 hp.
MASSIVE DAMAGE!!
You are too injured to fight recklessly!
Spoiler Alert: The steam dragon breathes balls of steam!
You block the steam dragon's attack. The steam dragon completely misses you.
You are too injured to fight recklessly!
You claw the orc!
You kill the orc!
Sif Muna accepts your kill. The steam dragon barely misses you.
The steam dragon misses you.
Spoiler Alert: The steam dragon breathes balls of steam!
You barely miss the steam dragon. You scratch the steam dragon.
Your bite misses the steam dragon.
The steam dragon is lightly wounded.
The steam dragon completely misses you. x2
You scratch the steam dragon.
The steam dragon is moderately wounded.
You block the steam dragon's attack. The steam dragon claws you.
You take 1 damage, and have 13/37 hp.
Spoiler Alert: The steam dragon breathes balls of steam!
You barely miss the steam dragon.
The steam dragon is moderately wounded.
You block the steam dragon's attack. The steam dragon completely misses you.
You claw the steam dragon! You bite the steam dragon.
The steam dragon is severely wounded.
The steam dragon closely misses you. The steam dragon claws you.
* * * LOW HITPOINT WARNING * * *
You take 3 damage, and have 11/37 hp.
Spoiler Alert: The steam dragon breathes balls of steam!
You scratch the steam dragon.
You bite the steam dragon, but do no damage.
The steam dragon is severely wounded.
The steam dragon breathes steam at you. The ball of steam hits you!!
Ouch! That really hurt!
You die...

.. # #. #.### ##...###
#......###
##........#####
#.............###
##..........##...###
#...........#..@...#
##..........##.D).....#
#...........#...........
#.#........##..........#
#.###......#...........#
#...###...##..........##
......###.#...........#
........#####.......)##
..........#


You could see a steam dragon.

Vanquished Creatures
  A two-headed ogre (D:8)
  A spriggan (D:7)
  An orc warrior (D:7)
  An ice beast (D:6)
  4 sky beasts
  A phantom (D:4)
  2 ogres
  3 centaurs
  A gnoll sergeant (D:8)
  5 bullfrogs
  2 scorpions (D:4)
  A killer bee (D:8)
  2 howler monkeys (D:7)
  A crimson imp (D:8)
  A quasit (D:8)
  A jelly (D:5)
  2 centaur skeletons
  8 hounds
  4 orc wizards
  A bullfrog skeleton (D:4)
  2 iguanas (D:7)
  5 worker ants
  A hound zombie (D:7)
  A hound skeleton (D:5)
  A howler monkey zombie (D:6)
  3 gnolls (D:5)
  7 adders
  An ooze (D:3)
  An adder zombie (D:6)
  4 worms
  6 dart slugs
  2 leopard geckos
  19 orcs
  A ball python (D:3)
  5 bats
  10 giant cockroaches
  7 goblins
  7 hobgoblins
  8 jackals
  4 quokkas
  5 frilled lizards
  6 kobolds
  A leopard gecko skeleton (D:3)
  A quokka skeleton (D:5)
  4 rats
155 creatures vanquished.

Vanquished Creatures (others)
  A bush (D:8)
  4 toadstools (D:1)
5 creatures vanquished.

Grand Total: 160 creatures vanquished

Notes
Turn   | Place    | Note
-------+----------+-------------------------------------------
     0 | D:1      | Mgcat the Felid Fighter began the quest for the Orb.
     0 | D:1      | Reached XP level 1. HP: 10/10 MP: 2/2
   143 | D:1      | Reached XP level 2. HP: 13/14 MP: 3/3
   437 | D:1      | Reached XP level 3. HP: 10/17 MP: 4/4
   753 | D:2      | HP: 4/17 [kobold (3)]
  1275 | D:2      | Noticed a +0 hand axe
  1275 | D:2      | Noticed a +0 dagger
  1276 | D:2      | Found a hide-covered altar of Uskayaw.
  1445 | D:2      | Reached skill level 5 in Dodging
  1533 | D:2      | Found a shadowy altar of Dithmenos.
  1688 | D:3      | Reached XP level 4. HP: 22/22 MP: 5/5
  2336 | D:3      | Reached skill level 4 in Fighting
  2560 | D:3      | Reached XP level 5. HP: 25/25 MP: 6/6
  2634 | D:4      | Reached skill level 5 in Unarmed Combat
  2846 | D:4      | Reached skill level 6 in Dodging
  2870 | D:4      | Noticed a phantom
  2891 | D:4      | Killed a phantom
  2891 | D:4      | Gained mutation: You are covered in thick fur. (AC +2)
                  | [Felid growth]
  2891 | D:4      | Reached XP level 6. HP: 15/29 MP: 7/7
  3066 | D:4      | Found Vory's Magic Scroll Emporium.
  3133 | D:4      | Bought a scroll of blinking for 75 gold pieces
  3177 | D:4      | Reached skill level 5 in Fighting
  3204 | D:4      | Learned a level 1 spell: Sandblast
  3593 | D:5      | Entered Level 5 of the Dungeon
  4284 | D:5      | Found a staircase to the Ecumenical Temple.
  4294 | Temple   | Entered the Ecumenical Temple
  4446 | Temple   | Became a worshipper of Sif Muna the Loreminder
  4516 | D:5      | Reached skill level 1 in Spellcasting
  4516 | D:5      | Reached skill level 1 in Earth Magic
  4516 | D:5      | Reached XP level 7. HP: 29/33 MP: 7/9
  4529 | D:5      | Reached skill level 6 in Unarmed Combat
  4801 | D:5      | Learned a level 2 spell: Ensorcelled Hibernation
  4839 | D:5      | Reached skill level 2 in Spellcasting
  4839 | D:5      | Reached skill level 1 in Hexes
  4839 | D:5      | Reached skill level 2 in Earth Magic
  5205 | D:6      | Reached skill level 2 in Hexes
  5245 | D:6      | Found a snail-covered altar of Cheibriados.
  5275 | D:6      | HP: 8/33 [sky beast (3)]
  5275 | D:6      | HP: 2/33 [sky beast (6)]
  5282 | D:6      | Slain by a sky beast
  5283 | D:6      | Reached XP level 6. HP: 0/30 MP: 9/10
  5414 | D:6      | Reached XP level 7. HP: 25/33 MP: 11/11
  5542 | D:6      | Reached skill level 3 in Hexes
  5738 | D:6      | Reached skill level 3 in Spellcasting
  5765 | D:6      | Reached * piety under Sif Muna
  5851 | D:6      | Reached skill level 7 in Unarmed Combat
  5851 | D:6      | Reached skill level 4 in Hexes
  5866 | D:6      | Learned a level 3 spell: Stone Arrow
  6191 | D:7      | Reached skill level 1 in Conjurations
  6430 | D:7      | Found a bloodstained altar of Trog.
  6462 | D:7      | Reached skill level 5 in Hexes
  6462 | D:7      | Reached XP level 8. HP: 23/37 MP: 0/14
  6658 | D:7      | Reached skill level 4 in Spellcasting
  6685 | D:7      | Reached skill level 2 in Conjurations
  6701 | D:7      | Reached skill level 6 in Hexes
  6854 | D:7      | Found a shattered altar of Ashenzari.
  6922 | D:7      | Found an ornate altar of the Wu Jian Council.
  7322 | D:8      | Reached ** piety under Sif Muna
  7400 | D:8      | Reached skill level 3 in Conjurations
  7424 | D:8      | Noticed a two-headed ogre
  7504 | D:8      | Reached skill level 8 in Unarmed Combat
  7504 | D:8      | Reached XP level 9. HP: 37/40 MP: 17/17
  7572 | D:8      | HP: 3/40 [two-headed ogre/+0 giant club (18)]
  7573 | D:8      | Killed a two-headed ogre
  7573 | D:8      | Reached skill level 5 in Spellcasting
  7573 | D:8      | Reached skill level 7 in Hexes
  8012 | D:8      | Reached skill level 4 in Conjurations
  8020 | D:8      | HP: 9/40 [orc/+0 hand axe (4)]
  8050 | D:8      | HP: 7/40 [killer bee (1)]
  8253 | D:8      | Reached skill level 8 in Hexes
  8291 | D:8      | HP: 10/40 [orc warrior/+0 mace (9)]
  8295 | D:8      | Slain by an orc warrior
  8296 | D:8      | Reached XP level 8. HP: -4/37 MP: 5/17
  8354 | D:8      | Killed from afar by a steam dragon

Skill      XL: |  1  2  3  4  5  6  7  8  9 |
---------------+----------------------------+-----
Dodging        | 5 6 |  6.7
Fighting       | 4 5 |  5.0
Unarmed Combat | 5 7 8 |  8.5
Spellcasting   | 1 3 4 5 |  5.6
Earth Magic    | 1 2 |  2.1
Hexes          | 5 6 8 |  8.1
Conjurations   | 1 3 4 |  4.1

Action                   |  1- 3 |  4- 6 |  7- 9 || total
-------------------------+-------+-------+-------++-------
Melee: Unarmed           |   127 |   166 |   263 ||   556
       Bite              |    11 |    20 |    32 ||    63
       Punch             |       |     6 |     8 ||    14
 Cast: Sandblast         |       |       |    40 ||    40
       Ensorcelled Hiber |       |       |    28 ||    28
       Stone Arrow       |       |       |     8 ||     8
Invok: Divine Energy     |       |       |     1 ||     1
  Use: Scroll            |     1 |     5 |     9 ||    15
 Stab: Sleeping          |     4 |     5 |     9 ||    18
  Eat: Chunk             |     9 |     6 |    15 ||    30
Armor: Skin              |     4 |     7 |     7 ||    18
Dodge: Dodged            |    99 |   100 |   217 ||   416
Block: Other             |    22 |    22 |    36 ||    80

Levels and vault maps discovered:
D:1:      ldierk_walled_garden_2, layout_basic
D:2:      layout_basic, dancing_weapons_uskayaw,
          nicolae_dithmenos_shadow_blocks, first_ration, serial_bayou_ford_a
D:3:      layout_loops_ring, feat_on_display
D:4:      layout_basic, serial_shops, shop, eino_tiny_chamber, st_stairs_6
D:5:      kennysheep_windowed_halls, layout_rooms, temple_green
D:6:      layout_rooms, nicolae_overflow_crystal_walls, corexii_hall_statues_s
D:7:      layout_basic, nicolae_overflow_hidden_temple, basic_altar, the_bakery,
          trog_butcher_becter
D:8:      minmay_skewed_foursquare, layout_basic, vehumet_statue,
          chequers_serial_rivers_small_b, kb_lookout_dungeons_type
Temple:   regret_index_temple_sphere_string

Table legend:
 A = Turns spent in this place as a percentage of turns spent in the entire game.
 B = Non-inter-level travel turns spent in this place as a percentage of non-inter-level travel turns spent in the entire game.
 C = Inter-level travel turns spent in this place as a percentage of turns spent in this place.
 D = Turns resting spent in this place as a percentage of non-inter-level travel turns spent in this place.
 E = Turns spent auto-exploring this place as a percentage of non-inter-level travel turns spent in this place.
 F = Non-inter-level travel turns spent in this place divided by the number of levels of this place that you've seen.
                   A       B       C       D       E      F
               +-------+-------+-------+-------+-------+----------------------
         Total | 100.0 | 100.0 |   7.1 |  23.0 |  58.2 | 862.0
       Dungeon |  98.0 |  98.2 |   7.0 |  23.4 |  57.4 | 951.9
        Temple |   2.0 |   1.8 |  12.3 |   0.0 |  98.6 | 143.0
               +-------+-------+-------+-------+-------+----------------------

Table legend:
 A = Kills in this place as a percentage of kills in entire the game.
 B = Kills by you in this place as a percentage of kills by you in the entire game.
 C = Kills by friends in this place as a percentage of kills by friends in the entire game.
 D = Other kills in this place as a percentage of other kills in the entire game.
 E = Experience gained in this place as a percentage of experience gained in the entire game.
 F = Experience gained in this place divided by the number of levels of this place that you have seen.
                   A       B       C       D       E      F
               +-------+-------+-------+-------+-------+----------------------
         Total | 100.0 | 100.0 |   N/A |   N/A | 100.0 | 539.3
       Dungeon | 100.0 | 100.0 |   N/A |   N/A | 100.0 | 606.8
               +-------+-------+-------+-------+-------+----------------------
